 Dungeon Crawl Stone Soup version 0.29-a0-268-g5627465c62 (webtiles) character file.

Game seed: 2328154897451585309

124 Ordine the Slasher (level 5, 0/32 HPs)
             Began as a Tengu Warper on Mar 7, 2022.
             Killed from afar by Ijyb (24 damage)
             ... with a bolt of acid
             ... on level 3 of the Dungeon.
             The game lasted 00:04:19 (2800 turns).

Ordine the Slasher (Tengu Warper)                   Turns: 2800, Time: 00:04:19

Health: 0/32       AC:  3    Str: 12    XL:     5   Next: 8%
Magic:  9/9        EV: 14    Int: 13    God:
Gold:   43         SH:  0    Dex: 15    Spells: 8/8 levels left

rFire   + . .      SeeInvis .   a - +0 long sword (vorpal)
rCold   . . .      Faith    .   (no shield)
rNeg    . . .      Spirit   .   h - +0 leather armour
rPois   .          Reflect  .   (helmet restricted)
rElec   .          Harm     .   i - scarf {repulsion}
rCorr   .          Rampage  .   (no gloves)
Will    .....                   (boots unavailable)
Stlth   +.........              (no amulet)
HPRegen 0.10/turn               t - ring of protection from fire
MPRegen 0.11/turn               (no ring)

@: flying quickly and evasively, repel missiles, quick
A: beak, talons 3, nimble flight
a: no special abilities


You were on level 3 of the Dungeon.
You visited 1 branch of the dungeon, and saw 3 of its levels.

You collected 43 gold pieces.

Inventory:

Hand Weapons
 a - a +0 vorpal long sword (weapon)
 b - a +3 dagger of venom
Missiles
 d - 7 boomerangs of dispersal
 n - 11 poisoned darts
Armour
 h - a +0 leather armour (worn)
 i - a scarf of repulsion (worn)
Jewellery
 t - a ring of protection from fire (left hand)
Wands
 q - a wand of digging (7)
Scrolls
 c - a scroll of blinking
 e - 2 scrolls of identify {unknown}
 g - 2 scrolls of holy word {unknown}
 j - a scroll of magic mapping {unknown}
 k - a scroll of amnesia {unknown}
 l - 2 scrolls of enchant armour {unknown}
 r - a scroll of vulnerability {unknown}
 s - a scroll of enchant weapon {unknown}
Potions
 f - 2 potions of curing {unknown}
 m - a potion of lignification {unknown}
 o - a potion of invisibility {unknown}
 p - a potion of brilliance {unknown}


   Skills:
 + Level 3.0 Fighting
 * Level 4.2 Long Blades
 + Level 2.4 Throwing
 - Level 1.1 Armour
 - Level 2.1 Dodging
 - Level 2.0 Spellcasting
 - Level 2.4 Translocations


You had 8 spell levels left.
You didn't know any spells.
Your spell library contained the following spells:

 Spells                   Type           Power      Damage    Failure   Level
 Apportation              Tloc           14%        N/A       12%         1
 Blink                    Tloc           14%        N/A       19%         2
 Animate Skeleton         Necr           2%         N/A       32%         1
 Beastly Appendage        Tmut           2%         N/A       32%         1
 Sting                    Tmut/Pois      4%         1d3       32%         1
 Summon Small Mammal      Summ           4%         N/A       32%         1
 Gell's Gravitas          Tloc           7%         N/A       36%         3
 Lesser Beckoning         Tloc           7%         N/A       36%         3
 Teleport Other           Tloc           7%         N/A       36%         3
 Poisonous Vapours        Pois/Air       2%         N/A       43%         2
 Sublimation of Blood     Necr           1%         N/A       43%         2
 Wereblood                Tmut           1%         N/A       43%         2
 Spider Form              Tmut/Pois      1%         N/A       67%         3
 Olgreb's Toxic Radiance  Pois           1%         N/A       97%         4
 Manifold Assault         Tloc           7%         N/A       98%         5
 Summon Hydra             Summ           0%         N/A       100%        7


Dungeon Overview and Level Annotations

Branches:
Dungeon (3/15)

Altars:
Vehumet

Annotations:
D:3 Ijyb


Innate Abilities, Weirdness & Mutations

You have a beak for a mouth.
You have claws for feet.
Your magical nature lets you fly swiftly and evasively.


Message History

You kill the kobold!
No target in view!
No target in view!
Found a stone staircase leading up.
You pick up a book of Blood and begin reading...
You add the spells Sublimation of Blood and Summon Hydra to your library.
An endoplasm comes into view.
The endoplasm quivers.
A dart slug comes into view.
The endoplasm hits you but does no damage.
You slash the endoplasm!
You kill the endoplasm!
You hit the dart slug.
The dart slug is severely wounded.
You hit the dart slug.
You kill the dart slug!
Your Fighting skill increases to level 3!
No target in view!
No target in view!
A worm comes into view.
Ijyb and a hobgoblin come into view.
Ijyb is wielding a +0 club and carrying a wand of acid (7).
Ijyb shouts!
The hobgoblin shouts!
You slash the worm! You claw the worm, but do no damage.
The worm is almost dead.
The worm bites you but does no damage.
You slash the worm!
You kill the worm!
A giant cockroach comes into view.
The hobgoblin hits you. Ijyb hits you with a +0 club.
You barely miss Ijyb. You claw Ijyb, but do no damage.
The hobgoblin closely misses you. Ijyb hits you with a +0 club.
Ijyb zaps a wand.
The bolt of acid hits the hobgoblin!!
The hobgoblin dies!
The bolt of acid is repelled.
Ijyb zaps a wand.
The bolt of acid misses the giant cockroach.
The bolt of acid hits you!!
Ouch! That really hurt!
You die...

##...## ##.....####
####.........
...........# ##
#.......# .. #..†..#
.. ##g..## ## ##
##B## #...#####@#
..........###
.<.###.....# #.#
#.###.# #.# #.###.#
#.# #.#...##
.#.######.####...⌠..#
....................#
.#..#.#.#..##.......#


You could see Ijyb and a giant cockroach.

Vanquished Creatures
  Jessica (D:3)
  4 adders (D:2)
  A worm (D:3)
  3 dart slugs
  5 endoplasms
  2 giant cockroaches (D:1)
  11 goblins
  2 hobgoblins (D:2)
  2 jackals (D:1)
  4 quokkas
  5 ball pythons
  4 bats
  2 frilled lizards
  3 kobolds
  4 rats
53 creatures vanquished.

Vanquished Creatures (others)
  A hobgoblin (D:3)
1 creature vanquished.

Grand Total: 54 creatures vanquished

Notes
Turn   | Place    | Note
-------+----------+-------------------------------------------
     0 | D:1      | Ordine the Tengu Warper began the quest for the Orb.
     0 | D:1      | Reached XP level 1. HP: 12/12 MP: 4/4
   518 | D:1      | Reached XP level 2. HP: 15/17 MP: 6/6
   914 | D:1      | Reached skill level 3 in Long Blades
   960 | D:1      | Reached XP level 3. HP: 7/22 MP: 7/7
  1746 | D:2      | Reached XP level 4. HP: 19/27 MP: 8/8
  2347 | D:3      | Noticed Jessica
  2354 | D:3      | Killed Jessica
  2355 | D:3      | Reached skill level 4 in Long Blades
  2704 | D:3      | Found a radiant altar of Vehumet.
  2712 | D:3      | Gained mutation: Your magical nature lets you fly swiftly
                  | and evasively. [Tengu growth]
  2712 | D:3      | Reached XP level 5. HP: 27/32 MP: 9/9
  2791 | D:3      | Noticed Ijyb
  2800 | D:3      | Killed from afar by Ijyb

Illustrated notes

Levels and vault maps discovered:
D:1:      psy_arrival_dodecagon, layout_basic
D:2:      layout_loops_ring
D:3:      layout_loops_ring, nicolae_vehumet_radiance, dk_noncrumbling_2,
          hangedman_feature_mirror, minmay_goblin_outpost, uniq_jessica,
          uniq_natasha, uniq_ijyb

Skill      XL: |  1  2  3  4  5 |
---------------+----------------+-----
Long Blades    | 3 4 |  4.2
Throwing       | 2 |  2.4
Fighting       | 3 |  3.0
Armour         | |  1.1
Dodging        | |  2.1
Spellcasting   | |  2.0
Translocations | |  2.4

Action                   |  1- 3 |  4- 6 || total
-------------------------+-------+-------++-------
Melee: Falchion          |    16 |       ||    16
       Kick              |    15 |     8 ||    23
       Long sword        |    63 |    40 ||   103
       Peck              |     4 |     4 ||     8
       Dagger            |       |     4 ||     4
       Punch             |       |     1 ||     1
Armor: Leather armour    |    35 |     8 ||    43
Dodge: Dodged            |    47 |    21 ||    68
       Repelled          |       |     3 ||     3

Table legend: (Time is in decaauts)
 A = Elapsed time spent in this place.
 B = Non-inter-level travel time spent in this place.
 C = Inter-level travel time spent in this place.
 D = Time resting spent in this place.
 E = Time spent auto-exploring this place.
 F = Levels seen in this place.
 G = Mean time per level.
                   A        B        C        D        E       F      G
               +--------+--------+--------+--------+--------+-----+--------+
         Total |   2821 |   2795 |     26 |      0 |   2410 |   3 |  940.3 |
       Dungeon |   2821 |   2795 |     26 |      0 |   2410 |   3 |  940.3 |
               +--------+--------+--------+--------+--------+-----+--------+

Top non-repeatable levels by time:
     D:1: 1495 daAuts
     D:2: 860 daAuts
     D:3: 465 daAuts
